 Dungeon Crawl Stone Soup version 0.29-a0-2-g12fcac58f8 (webtiles) character file.

Game seed: 7749738980762054714

3 horus123 the Cudgeller (level 1, 0/18 HPs)
             Began as a Human Monk on Jan 26, 2022.
             Constricted to death by a ball python (1 damage)
             ... on level 1 of the Dungeon.
             The game lasted 00:00:26 (65 turns).

horus123 the Cudgeller (Human Monk)                   Turns: 65, Time: 00:00:27

Health: 0/18       AC:  3    Str: 11    XL:     1   Next: 55%
Magic:  1/1        EV:  9    Int: 10    God:
Gold:   0          SH:  0    Dex: 15    Spells: 0/0 levels left

rFire   . . .      SeeInvis .   a - +0 mace
rCold   . . .      Faith    .   (no shield)
rNeg    . . .      Spirit   .   c - +0 leather armour
rPois   .          Reflect  .   (no helmet)
rElec   .          Harm     .   (no cloak)
rCorr   .          Rampage  .   (no gloves)
Will    .....                   (no boots)
Stlth   ++........              (no amulet)
HPRegen 0.06/turn               (no ring)
MPRegen 0.07/turn               (no ring)

@: constricted
A: no striking features
a: no special abilities


You were on level 1 of the Dungeon.
You visited 1 branch of the dungeon, and saw 1 of its levels.

Inventory:

Hand Weapons
 a - a +0 mace (weapon)
Armour
 b - a +0 robe
 c - a +0 leather armour (worn)


   Skills:
 - Level 3.0 Fighting
 + Level 3.2 Maces & Flails
 - Level 3.0 Dodging
 - Level 2.0 Stealth


You couldn't memorise any spells.
You didn't know any spells.
Your spell library was empty.

Dungeon Overview and Level Annotations

Branches:
Dungeon (1/15)

Altars:


Message History

You hit the hobgoblin.
You kill the hobgoblin!
No target in view!
You enter the shallow water.
Moving in this stuff is going to be slow.
Found 22 stones.
No target in view!
You enter the shallow water.
Moving in this stuff is going to be slow.
A ball python and a kobold come into view.
Found 11 gold pieces and a glowing garnet ring.
A hobgoblin comes into view.
Found a scroll labelled SUTEOF NURPHEDE.
The kobold shouts!
The kobold hits you with a +0 club.
The ball python hisses angrily.
The hobgoblin shouts!
You hit the ball python but do no damage.
The kobold hits you with a +0 club. The ball python bites you.
The ball python grabs you. The ball python constricts you.
The kobold closely misses you. The ball python closely misses you.
The ball python constricts you.
You closely miss the ball python. The ball python bites you.
The ball python constricts you. The kobold hits you with a +0 club.
You hit the kobold.
The kobold is moderately wounded.
The ball python misses you. The ball python constricts you.
The kobold hits you with a +0 club.
* * * LOW HITPOINT WARNING * * *
The hobgoblin hits you.
* * * LOW HITPOINT WARNING * * *
The ball python closely misses you. The ball python constricts you.
You barely miss the hobgoblin. The kobold closely misses you.
The hobgoblin barely misses you. The ball python completely misses you.
The ball python constricts you.
You barely miss the hobgoblin. The kobold hits you with a +0 club.
* * * LOW HITPOINT WARNING * * *
The ball python bites you but does no damage.
The ball python constricts you.
You die...

## .# # .# #.# #### ##.#.?
... ..$. ####S##.##+####
..## #...K@g.(..$..= .#.#
..........#♣♣.≈♣.... ..#
.......# ♣P≈♣♣ . ..##
#...## ♣P≈P♣ ...## #...#
♣♣≈P♣ #...##
#..##♣♣♣♣♣≈≈P♣♣♣
.#...###..##P♣≈♣♣.≈≈≈≈♣♣♣
....##.#.....≈.≈≈≈.≈≈≈≈≈..
.......#....♣P♣♣♣..≈P♣♣≈♣#


You could see a hobgoblin, a ball python and a kobold.

Vanquished Creatures
  A hobgoblin (D:1)
  2 kobolds (D:1)
3 creatures vanquished.

Notes
Turn   | Place    | Note
-------+----------+-------------------------------------------
     0 | D:1      | horus123 the Human Monk began the quest for the Orb.
     0 | D:1      | Reached XP level 1. HP: 18/18 MP: 1/1
    65 | D:1      | Constricted to death by a ball python

Illustrated notes

Levels and vault maps discovered:
D:1:      arrival_zaba_pyramid, layout_basic, serial_bayou_crossing

Action                   || total
-------------------------++-------
Melee: Mace              ||    10
       Punch             ||     1
Armor: Leather armour    ||     1
Dodge: Dodged            ||    11

Table legend: (Time is in decaauts)
 A = Elapsed time spent in this place.
 B = Non-inter-level travel time spent in this place.
 C = Inter-level travel time spent in this place.
 D = Time resting spent in this place.
 E = Time spent auto-exploring this place.
 F = Levels seen in this place.
 G = Mean time per level.
                   A        B        C        D        E       F      G
               +--------+--------+--------+--------+--------+-----+--------+
         Total |     72 |     72 |      0 |      0 |     30 |   1 |   72.0 |
       Dungeon |     72 |     72 |      0 |      0 |     30 |   1 |   72.0 |
               +--------+--------+--------+--------+--------+-----+--------+

Top non-repeatable levels by time:
     D:1: 72 daAuts
